 Dungeon Sprint DCSS version 0.17-a0-1515-gfae3d72 (webtiles) character file.

338 Kidiri the Covert (level 6, -7/28 HPs)
             Began as a Spriggan Enchanter on July 12, 2015.
             Mangled by a spatial vortex (22 damage)
             ... in the Dungeon (Sprint III: "The Ten Rune Challenge").
             The game lasted 00:04:20 (407 turns).

Kidiri the Covert (Spriggan Enchanter)               Turns: 407, Time: 00:04:20

Health: -7/28      AC:  3    Str:  4    XL:     6   Next: 29%
Magic:  18/18      EV: 23    Int: 17    God:
Gold:   19         SH:  0    Dex: 18    Spells: 5 memorised, 9 levels left

rFire  + . .     SeeInvis +     a - +1 dagger
rCold  . . .     Clarity  .     b - +1 robe
rNeg   . . .     SustAt   .     (shield restricted)
rPois  .         Gourm    .     (helmet restricted)
rElec  .         Spirit   .     (no cloak)
rCorr  .         Warding  .     (gloves unavailable)
rMut   .         NoTele   +     (boots unavailable)
MR     +....                    (no amulet)
Stlth  ++++++....               (no ring)
                                (no ring)

@: very quick, somewhat resistant to hostile enchantments, very stealthy
A: unfitting armour, see invisible, fire resistance 1, herbivore 3, speed 3,
slow metabolism 2
a: no special abilities


You were in the Dungeon.
You were not hungry.

You visited 1 branch You collected 19 gold pieces.

Inventory:

Hand weapons
 a - a +1 dagger (weapon)
Armour
 b - a +1 robe (worn)
Scrolls
 j - a scroll of blinking
 l - 2 scrolls of immolation
 m - a scroll of identify
 p - a scroll of remove curse
Potions
 e - a potion of curing
 f - a potion of heal wounds
 g - a potion of haste
 h - 2 potions of magic
 n - 2 potions of cure mutation
 o - 3 potions of flight
Books
 c - a book of Maledictions

   Spells                             Type                      Level
   a - Corona                         Hexes                        1
   b - Ensorcelled Hibernation        Hexes/Ice                    2
   c - Confuse                        Hexes                        3
   d - Tukima's Dance                 Hexes                        3
   e - Dazzling Spray                 Conjuration/Hexes            3
Comestibles
 d - a bread ration
 i - a royal jelly
 q - 2 fruits


   Skills:
 + Level 5.0 Short Blades
 + Level 7.5 Dodging
 * Level 10.9 Stealth
 * Level 8.1 Spellcasting
 + Level 2.2 Conjurations
 + Level 6.6 Hexes
 + Level 3.3 Ice Magic


You had 9 spell levels left.
You knew the following spells:

 Your Spells              Type           Power        Failure   Level  Hunger
a - Corona                Hex            ####...      1%          1    None
b - Ensorcelled Hibernat  Hex/Ice        ###...       1%          2    None
c - Confuse               Hex            ####....     1%          3    #......
d - Tukima's Dance        Hex            ####....     1%          3    #......
e - Dazzling Spray        Conj/Hex       ###.....     8%          3    #......


Dungeon Overview and Level Annotations

Branches:
Dungeon (1/1)

Altars:
Dithmenos
Gozag
Makhleb
Nemelex Xobeh
Qazlal
Ru
Xom
Jiyva
Lugonu


Innate Abilities, Weirdness & Mutations

You are tiny and cannot use many weapons and most armour.
You have supernaturally acute eyesight.
You are a herbivore.
You cover ground extremely quickly.
You need consume almost no food.
Your flesh is heat resistant.


Message History

The spatial vortex is moderately damaged.
You hit the spatial vortex.
The spatial vortex is heavily damaged.
The spatial vortex closely misses you.
You hit the spatial vortex but do no damage.
The spatial vortex is heavily damaged.
You hit the spatial vortex.
The spatial vortex is heavily damaged.
You hit the spatial vortex.
The spatial vortex is severely damaged.
You hit the spatial vortex.
The spatial vortex is severely damaged.
You hit the spatial vortex.
The spatial vortex is severely damaged.
The spatial vortex hits you! Space bends around you.
You completely miss the spatial vortex.
The spatial vortex is severely damaged.
The spatial vortex hits you!!
Ouch! That really hurt!
You die...

.#.%#..#
)#..#..###+#+###+##
.##+#..#..........#
.###...+.⌠........#
####...#...######'#
###....#.⌠.#__#...#
##.....#...#__#...#
#......#+###__#..v#
.#..%..# #__#.@.+
###....# #_.'...#
▓▓▓▓▓▓ ▓▓▓▓▓▓▓▓


You could see a spatial vortex.

Vanquished Creatures
  A shadow (D)
  A water elemental (D)
  A scorpion (D)
  A jelly (D)
  Jessica (D)
  A human (D)
  2 oozes (D)
  A rat (D)
9 creatures vanquished.

Vanquished Creatures (others)
  2 draconian scorchers (D)
  A yaktaur (D)
3 creatures vanquished.

Grand Total: 12 creatures vanquished

Notes
Turn   | Place    | Note
--------------------------------------------------------------
     0 | D        | Kidiri the Spriggan Enchanter began the quest for the Orb.
     0 | D        | Reached XP level 1. HP: 9/9 MP: 5/5
    14 | D        | Reached skill level 5 in Stealth
    25 | D        | Reached XP level 2. HP: 7/13 MP: 4/7
    34 | D        | Learned a level 2 spell: Ensorcelled Hibernation
    61 | D        | Killed a yaktaur
   181 | D        | Noticed Jessica
   185 | D        | Killed Jessica
   185 | D        | Reached skill level 6 in Stealth
   185 | D        | Reached skill level 1 in Ice Magic
   185 | D        | Reached XP level 3. HP: 16/16 MP: 7/9
   217 | D        | Killed a white draconian scorcher
   220 | D        | Learned a level 3 spell: Confuse
   224 | D        | Learned a level 3 spell: Tukima's Dance
   241 | D        | Noticed a scorpion
   245 | D        | Killed a scorpion
   245 | D        | Reached skill level 5 in Dodging
   245 | D        | Reached skill level 8 in Stealth
   245 | D        | Reached skill level 5 in Spellcasting
   245 | D        | Reached skill level 5 in Hexes
   245 | D        | Reached XP level 4. HP: 21/21 MP: 8/12
   257 | D        | Killed a white draconian scorcher
   282 | D        | Gained mutation: Your body sometimes deteriorates upon taking damage. [potion of mutation]
   282 | D        | Gained mutation: You are partially covered in yellow scales (AC +2). [potion of mutation]
   282 | D        | Gained mutation: You are clumsy. (Dex -2) [potion of mutation]
   283 | D        | Gained mutation: Your spells are a little easier to cast, but a little less powerful. [potion of mutation]
   283 | D        | Gained mutation: Your flesh is heat resistant. [potion of mutation]
   284 | D        | Lost mutation: You are clumsy. (Dex -2) [potion of cure mutation]
   284 | D        | Lost mutation: Your body sometimes deteriorates upon taking damage. [potion of cure mutation]
   284 | D        | Lost mutation: You are partially covered in yellow scales (AC +2). [potion of cure mutation]
   284 | D        | Lost mutation: Your spells are a little easier to cast, but a little less powerful. [potion of cure mutation]
   293 | D        | Learned a level 3 spell: Dazzling Spray
   295 | D        | Noticed a water elemental
   306 | D        | Killed a water elemental
   306 | D        | Reached skill level 9 in Stealth
   306 | D        | Reached skill level 1 in Conjurations
   306 | D        | Reached XP level 5. HP: 24/24 MP: 13/15
   360 | D        | Noticed a jelly
   361 | D        | Noticed a shadow
   363 | D        | Killed a shadow
   363 | D        | Reached skill level 10 in Stealth
   363 | D        | Reached XP level 6. HP: 28/28 MP: 15/17
   367 | D        | Killed a jelly
   367 | D        | Reached skill level 5 in Short Blades
   373 | D        | Found a stormy altar of Qazlal.
   373 | D        | Found a sacrificial altar of Ru.
   373 | D        | Found a burning altar of Makhleb.
   373 | D        | Found a shimmering altar of Xom.
   374 | D        | Noticed a spatial vortex
   374 | D        | Found a viscous altar of Jiyva.
   374 | D        | Found a shadowy altar of Dithmenos.
   374 | D        | Found a sparkling altar of Nemelex Xobeh.
   374 | D        | Found a corrupted altar of Lugonu.
   374 | D        | Found an opulent altar of Gozag.
   407 | D        | Mangled by a spatial vortex

Vault maps used:
D:        dungeon_sprint_mu

Action                   |  1- 3 |  4- 6 || total
-------------------------+-------+-------++-------
Melee: Dagger            |    16 |    34 ||    50
 Cast: Corona            |     3 |       ||     3
       Ensorcelled Hiber |     2 |     1 ||     3
  Use: Potion            |       |     4 ||     4
       Scroll            |       |     3 ||     3
 Stab: Sleeping          |     3 |     3 ||     6
